 Dungeon Sprint DCSS version 0.22-a0-48-g8770677 (webtiles) character file.

33562 Kidiri the Warrior (level 13, -1/136 HPs)
             Began as a Minotaur Fighter on Jan 7, 2018.
             Was a High Priest of Okawaru.
             Slain by Dispater
             ... wielding the +4 staff of Dispater
              (19 damage)
             ... in the Dungeon (Sprint VII: "The Pits").
             The game lasted 00:25:24 (3546 turns).

Kidiri the Warrior (Minotaur Fighter)               Turns: 3546, Time: 00:25:24

Health: -1/136     AC: 34    Str: 25    XL:     13   Next: 37%
Magic:  13/17      EV: 16    Int:  5    God:    Okawaru [*****.]
Gold:   16         SH: 19    Dex: 11    Spells: 12/12 levels left

rFire    . . .     SeeInvis .   b - +1 scimitar (flame)
rCold    + . .     Gourm    .   c - +2 shield
rNeg     . . .     Faith    .   s - +4 plate armour
rPois    +         Spirit   .   (helmet restricted)
rElec    .         Reflect  .   p - +2 cloak {rPois}
rCorr    +         Harm     .   T - +2 pair of gloves {archery}
MR       .....     Clarity  +   (no boots) Stlth ..........NoTele +
                                (no amulet)
HPRegen  0.32/turn              H - ring of protection from cold
MPRegen  0.15/turn              I - ring of Peixzi Renea {rCorr Stlth+}

@: heroism, berserk cooldown, slowed, very slow
A: retaliatory headbutt, horns 2, slimy green scales 1, clarity
a: Heroism, Finesse, Renounce Religion


You were in the Dungeon.
You worshipped Okawaru.
Okawaru was extremely pleased with you.
You were not hungry.

You visited 1 branch You collected 16 gold pieces.

Inventory:

Hand Weapons
 a - a +2 scimitar of slicing
 b - a +1 scimitar of flaming (weapon)
Missiles
 u - 13 javelins of returning
 v - 3 silver tomahawks
 w - 19 javelins of penetration (quivered)
 C - 15 exploding tomahawks
 N - 21 tomahawks
Armour
 c - a +2 shield (worn)
 p - a +2 cloak of poison resistance (worn)
 s - a +4 plate armour (worn)
 T - a +2 pair of gloves of archery (worn)
Jewellery
 r - an uncursed ring of magical power
 B - an uncursed ring of protection from fire
 E - a +3 ring of dexterity
 F - a +3 ring of dexterity
 H - a ring of protection from cold (left hand)
 I - the ring of Peixzi Renea (right hand) {rCorr Stlth+}
   (You found it in the Dungeon)

   [ring of resist corrosion]

   It makes you more stealthy.
Scrolls
 k - a scroll of blinking
 m - 6 scrolls of remove curse
 n - 5 scrolls of amnesia
 o - a scroll of summoning
 x - 4 scrolls of identify
 y - 3 scrolls of fear
Potions
 d - a potion of might
 e - 8 potions of curing
 g - 4 potions of heal wounds
 h - 2 potions of haste
 i - 4 potions of magic
 j - 3 potions of berserk rage
 l - 2 potions of invisibility
 z - a potion of agility
 G - 3 potions of resistance
Comestibles
 f - 16 rations


   Skills:
 * Level 18.4(23.4) Fighting
 * Level 18.2(23.2) Long Blades
 + Level 11.5(16.5) Throwing
 * Level 18.4(23.4) Armour
 + Level 12.5(17.5) Dodging
 * Level 18.4(23.4) Shields
 + Level 7.4 Invocations


You had 12 spell levels left.
You didn't know any spells.

Dungeon Overview and Level Annotations

Branches:
Dungeon (1/1)

Altars:
Ashenzari
Cheibriados
Dithmenos
Elyvilon
Fedhas
Gozag
Hepliaklqana
Kikubaaqudgha
Makhleb
Nemelex Xobeh
Okawaru
Qazlal
Ru
Sif Muna
Trog
Uskayaw
Vehumet
Wu Jian
Xom
Yredelemnul
Zin
The Shining One
Beogh
Jiyva
Lugonu

Annotations:
D exclusions: 8 doors and 8 more exclusions, Dispater


Innate Abilities, Weirdness & Mutations

You reflexively headbutt those who attack you in melee.
You have a pair of horns on your head.
You are partially covered in slimy green scales. (AC +2)
You possess an exceptional clarity of mind.


Message History

Dispater is severely wounded.
You are no longer berserk.
You are exhausted.
You feel yourself slow down. You block the hell beast's attack. x2
Dispater hits you but does no damage. The reaper hits you but does no damage.
You hit Dispater but do no damage.
Dispater is severely wounded.
The hell beast misses you. The hell beast tramples you!
* * * LOW HITPOINT WARNING * * *
You hold your ground!
Dispater closely misses you. You furiously retaliate!
You headbutt Dispater, but do no damage.
Your plate armour prevents you from hitting Dispater.
Dispater is severely wounded.
You block the hell beast's attack. x2; The reaper closely misses you.
The hell beast bites you!
* * * LOW HITPOINT WARNING * * *
The hell beast misses you.
Dispater shouts, "Flee whilst life thou hast!"
Dispater hits you with a golden staff!!
You die...

,,,,,,,,,,,**+**,*
,*,,*,,*,,,,,,**+*
,,,,,,,,,,,**+**,*
,,,,,,,,,,,*<<**+*
+******+**+*<<**,*
,*,,,,*,,,,*<<*#+#
,*,,,,+,,,,*<<*#1#
***************#&#
################@#
....(..........22#
...............).#
+##############).#
,,,,*,,+,,,+,,#..#
,,,,*,,*,,,*,,#..#
,*******,,,***#..#
,,,,*,,,,,,,,,#..#
,,,,,,,,,,,,,,#..#


You could see Dispater, a hell beast, a reaper and an Executioner.

Vanquished Creatures
  A bone dragon (D)
  A death cob (D)
  A ghost moth (D)
  An angel (D)
  A stone giant (D)
  An eidolon (D)
  A merfolk javelineer (D)
  3 ice dragons (D)
  Erolcha (D)
  A merfolk avatar (D)
  A catoblepas (D)
  A vampire mage (D)
  A shadow wraith (D)
  A sun demon (D)
  4 skeletal warriors (D)
  A wizard (D)
  A spriggan druid (D)
  A phantasmal warrior (D)
  An orc knight (D)
  2 orc sorcerers (D)
  A cyclops (D)
  A deep elf mage (D)
  4 elephants (D)
  A rust devil (D)
  A black mamba (D)
  2 smoke demons (D)
  2 guardian serpents (D)
  A rime drake (D)
  An efreet (D)
  A freezing wraith (D)
  A demonic crawler (D)
  A red devil (D)
  5 merfolk (D)
  A troll (D)
  2 jumping spiders (D)
  A hornet (D)
  10 dream sheep (D)
  A bog body (D)
  2 hippogriffs (D)
  2 flying skulls (D)
  A tarantella (D)
  A spriggan (D)
  5 redbacks (D)
  3 wraiths (D)
  2 hogs (D)
  3 fire bats (D)
  Menkaure (D)
  A warg (D)
  A floating eye (D)
  2 swamp drakes (D)
  A necrophage (D)
  An orc warrior (D)
  A phantom (D)
  8 wolves (D)
  An earth elemental (D)
  Blork the orc (D)
  A scorpion (D)
  4 killer bees (D)
  A quasit (D)
  4 orc wizards (D)
  An iguana (D)
  2 worker ants (D)
  A gnoll (D)
  An adder (D)
  2 river rats (D)
  An ooze (D)
  A leopard gecko (D)
  4 orcs (D)
  A giant cockroach (D)
  A hobgoblin (D)
  A kobold (D)
  A ball python (D)
  A ball python simulacrum (D)
  2 frilled lizards (D)
  A leopard gecko skeleton (D)
  A quokka skeleton (D)
  A rat (D)
133 creatures vanquished.

Vanquished Creatures (others)
  A shadow wraith (D)
  A guardian mummy (D)
2 creatures vanquished.

Grand Total: 135 creatures vanquished

Notes
Turn   | Place    | Note
-------+----------+-------------------------------------------
     0 | D        | Kidiri the Minotaur Fighter began the quest for the Orb.
     0 | D        | Reached XP level 1. HP: 19/19 MP: 0/0
    14 | D        | Reached skill level 1 in Dodging
    14 | D        | Reached XP level 2. HP: 27/27 MP: 1/1
    48 | D        | Found a bloodstained altar of Trog.
    48 | D        | Found a deep blue altar of Sif Muna.
    48 | D        | Found a viscous altar of Jiyva.
    48 | D        | Found a hazy altar of Hepliaklqana.
    48 | D        | Found an opulent altar of Gozag.
    49 | D        | Found a glowing golden altar of the Shining One.
    49 | D        | Found a glowing silver altar of Zin.
    49 | D        | Found a basalt altar of Yredelemnul.
    49 | D        | Found a shimmering altar of Xom.
    49 | D        | Found an ornate altar of the Wu Jian Council.
    49 | D        | Found a sacrificial altar of Ru.
    49 | D        | Found a stormy altar of Qazlal.
    49 | D        | Found an iron altar of Okawaru.
    49 | D        | Found a sparkling altar of Nemelex Xobeh.
    49 | D        | Found a burning altar of Makhleb.
    49 | D        | Found a blossoming altar of Fedhas.
    49 | D        | Found a white marble altar of Elyvilon.
    49 | D        | Found a shadowy altar of Dithmenos.
    49 | D        | Found a snail-covered altar of Cheibriados.
    52 | D        | Found a corrupted altar of Lugonu.
    52 | D        | Found a radiant altar of Vehumet.
    52 | D        | Found a roughly hewn altar of Beogh.
    53 | D        | Found an ancient bone altar of Kikubaaqudgha.
    53 | D        | Found a hide-covered altar of Uskayaw.
    53 | D        | Found a shattered altar of Ashenzari.
    57 | D        | Became a worshipper of Warmaster Okawaru
   149 | D        | Reached skill level 1 in Throwing
   149 | D        | Reached XP level 3. HP: 35/35 MP: 2/2
   151 | D        | Noticed a fire bat
   158 | D        | Reached skill level 5 in Fighting
   158 | D        | Reached skill level 5 in Armour
   158 | D        | Reached skill level 5 in Shields
   163 | D        | Killed a fire bat
   163 | D        | Reached XP level 4. HP: 22/45 MP: 3/3
   163 | D        | Reached XP level 5. HP: 25/51 MP: 4/4
   366 | D        | Noticed a fire bat
   374 | D        | Killed a fire bat
   374 | D        | Reached * piety under Okawaru
   374 | D        | Reached XP level 6. HP: 50/61 MP: 5/5
   438 | D        | Noticed a floating eye
   442 | D        | Paralysed by a floating eye for 3 turns
   448 | D        | Killed a floating eye
   448 | D        | Reached ** piety under Okawaru
   460 | D        | Reached skill level 5 in Dodging
   460 | D        | Reached XP level 7. HP: 67/69 MP: 6/6
   482 | D        | Noticed Blork the orc
   488 | D        | Killed Blork the orc
   533 | D        | Noticed a bog body
   541 | D        | Killed a bog body
   752 | D        | Noticed a flying skull
   752 | D        | Noticed Menkaure
   755 | D        | Reached skill level 5 in Throwing
   759 | D        | Killed Menkaure
   759 | D        | Reached skill level 10 in Fighting
   759 | D        | Reached skill level 10 in Armour
   759 | D        | Reached skill level 10 in Shields
   772 | D        | Killed a flying skull
   772 | D        | Reached XP level 8. HP: 43/79 MP: 3/7
   774 | D        | Reached skill level 10 in Long Blades
   779 | D        | Noticed an orc knight
   779 | D        | Noticed an orc sorcerer
   787 | D        | Killed an orc sorcerer
   787 | D        | Reached *** piety under Okawaru
   792 | D        | Killed an orc knight
   792 | D        | Reached **** piety under Okawaru
   792 | D        | Received a gift from Okawaru
   821 | D        | Reached XP level 9. HP: 13/89 MP: 4/8
  1138 | D        | Noticed a deep elf mage
  1142 | D        | Killed a deep elf mage
  1147 | D        | Received a gift from Okawaru
  1168 | D        | Noticed a jumping spider
  1171 | D        | Noticed a demonic crawler
  1173 | D        | Killed a jumping spider
  1178 | D        | Killed a demonic crawler
  1184 | D        | Noticed a freezing wraith
  1194 | D        | Killed a freezing wraith
  1213 | D        | Noticed a merfolk
  1244 | D        | Killed a merfolk
  1244 | D        | Received a gift from Okawaru
  1244 | D        | Reached XP level 10. HP: 70/100 MP: 9/9
  1385 | D        | Noticed a merfolk avatar
  1394 | D        | Noticed an orc sorcerer
  1395 | D        | Noticed an elephant
  1404 | D        | Paralysed by an orc sorcerer for 4 turns
  1417 | D        | Killed a merfolk avatar
  1417 | D        | Reached ***** piety under Okawaru
  1420 | D        | Killed an orc sorcerer
  1423 | D        | Killed an elephant
  1423 | D        | Received a gift from Okawaru
  1630 | D        | Noticed a smoke demon
  1638 | D        | Noticed a smoke demon
  1650 | D        | Received a gift from Okawaru
  1657 | D        | Killed a smoke demon
  1660 | D        | Killed a smoke demon
  1660 | D        | Received a gift from Okawaru
  1678 | D        | Noticed an elephant
  1688 | D        | Killed an elephant
  1822 | D        | Reached XP level 11. HP: 111/111 MP: 7/10
  1843 | D        | Noticed a vampire mage
  1860 | D        | Killed a shadow wraith
  1860 | D        | Received a gift from Okawaru
  1871 | D        | Killed a vampire mage
  1956 | D        | Gained mutation: You are partially covered in slimy green scales. (AC +2) [potion of mutation]
  1956 | D        | Gained mutation: You possess an exceptional clarity of mind. [potion of mutation]
  1999 | D        | Got the ring of Peixzi Renea {rCorr Stlth+}
  2087 | D        | Reached skill level 10 in Dodging
  2087 | D        | Reached skill level 15 in Shields
  2092 | D        | Reached skill level 15 in Fighting
  2092 | D        | Reached skill level 15 in Armour
  2092 | D        | Reached skill level 1 in Invocations
  2100 | D        | Received a gift from Okawaru
  2100 | D        | Reached skill level 15 in Long Blades
  2334 | D        | Noticed a skeletal warrior
  2334 | D        | Noticed a skeletal warrior
  2334 | D        | Noticed a skeletal warrior
  2334 | D        | Noticed a skeletal warrior
  2340 | D        | Killed a skeletal warrior
  2340 | D        | Received a gift from Okawaru
  2345 | D        | Killed a skeletal warrior
  2351 | D        | Killed a skeletal warrior
  2351 | D        | Reached XP level 12. HP: 95/122 MP: 11/13
  2522 | D        | Noticed a merfolk javelineer
  2522 | D        | Noticed a bone dragon
  2522 | D        | Noticed an angel
  2523 | D        | Found the +9 staff of Wucad Mu {channel}
  2557 | D        | Killed a bone dragon
  2557 | D        | Reached skill level 10 in Throwing
  2564 | D        | Reached skill level 5 in Invocations
  2573 | D        | Killed a merfolk javelineer
  2601 | D        | Killed an angel
  2601 | D        | Received a gift from Okawaru
  2826 | D        | Noticed an ice dragon
  2835 | D        | Noticed an eidolon
  2841 | D        | Noticed a death cob
  2846 | D        | Killed an ice dragon
  2849 | D        | Noticed an ice dragon
  2861 | D        | Killed a death cob
  2862 | D        | Noticed an ice dragon
  2869 | D        | Killed an ice dragon
  2875 | D        | Noticed a catoblepas
  2920 | D        | Killed a catoblepas
  2924 | D        | Killed a ghost moth
  2924 | D        | Reached XP level 13. HP: 61/134 MP: 0/16
  2960 | D        | Killed an eidolon
  3052 | D        | Noticed a stone giant
  3078 | D        | Killed a stone giant
  3085 | D        | Noticed Erolcha
  3091 | D        | Killed Erolcha
  3508 | D        | Noticed Dispater
  3514 | D        | Noticed an Executioner
  3517 | D        | Noticed a reaper
  3546 | D        | Identified the +4 staff of Dispater
  3546 | D        | Slain by Dispater

Vault maps used:
D:        pitsprint

Skill      XL: |  1  2  3  4  5  6  7  8  9 10 11 12 13 |
---------------+----------------------------------------+-----
Fighting       | 4 6 7 8 10 11 12 14 16 17 18 | 18.4
Long Blades    | 3 4 6 7 8 9 11 12 14 15 17 18 | 18.2
Armour         | 4 6 7 8 10 11 12 14 16 17 18 | 18.4
Dodging        | 1 3 4 5 6 7 8 9 10 12 | 12.5
Shields        | 4 6 7 9 10 11 12 14 16 17 18 | 18.4
Throwing       | 1 2 3 4 5 6 7 8 9 11 | 11.5
Invocations    | 3 6 7 |  7.4

Action                   |  1- 3 |  4- 6 |  7- 9 | 10-12 | 13-15 || total
-------------------------+-------+-------+-------+-------+-------++-------
Melee: Headbutt          |     2 |     6 |    18 |    99 |    36 ||   161
       Long sword        |     1 |    27 |    72 |       |       ||   100
       Falchion          |    23 |     2 |       |       |       ||    25
       Scimitar          |       |       |    49 |   306 |   114 ||   469
Throw: Javelin           |       |       |       |    18 |       ||    18
       Tomahawk          |       |       |       |     3 |       ||     3
Invok: Heroism           |       |       |     8 |    17 |     3 ||    28
       Finesse           |       |       |       |     6 |     2 ||     8
  Use: Potion            |     1 |       |     2 |    12 |     8 ||    23
       Scroll            |       |       |       |     1 |     5 ||     6
 Stab: Sleeping          |       |       |     1 |     1 |       ||     2
       Confused          |       |       |       |     1 |       ||     1
       Petrified         |       |       |       |     2 |       ||     2
       Petrifying        |       |       |       |       |     1 ||     1
  Eat: Ration            |       |       |     1 |     1 |       ||     2
       Chunk             |       |       |       |     2 |       ||     2
Armor: Scale mail        |    11 |       |    11 |   120 |    29 ||   171
       Chain mail        |       |       |    25 |       |       ||    25
       Plate armour      |       |       |       |       |    12 ||    12
Dodge: Dodged            |     5 |     9 |    68 |   127 |    50 ||   259
Block: Shield            |    12 |    12 |    69 |   232 |   113 ||   438
       Rpst.: Long sword |       |       |     8 |       |       ||     8
       Scimitar          |       |       |     3 |    29 |     9 ||    41

Table legend:
 A = Spawn XP
 B = Non-spawn XP
 C = Spawn XP percentage of total XP
 D = Spawn monster count
 E = Non-spawn monster count
 F = Spawn count percentage of total count
 G = Total turns spent on level
                    A         B        C        D         E        F      G
               +---------+---------+-------+---------+---------+-------+---------
         Total |       0 |   47947 |   0.0 |       0 |     135 |   0.0 |  3546
               +---------+---------+-------+---------+---------+-------+---------
             D |       0 |   47947 |   0.0 |       0 |     135 |   0.0 |  3546
               +---------+---------+-------+---------+---------+-------+---------
